 Dungeon Crawl Stone Soup version 0.31-a0-700-gf13585253f (webtiles) character file.

Game seed: 15154755096418879062

47 qw the Shooter (level 3, 0/22 HPs)
             Began as a Gargoyle Hunter on Sept 7, 2023.
             Slain by Pargi (5 damage)
             ... on level 3 of the Dungeon.
             The game lasted 00:00:31 (1456 turns).

qw the Shooter (Gargoyle Hunter)                    Turns: 1456, Time: 00:00:32

Health: 0/22       AC:  9    Str: 14    XL:     3   Next: 70%
Magic:  3/3        EV: 10    Int:  9    God:
Gold:   799        SH:  0    Dex: 15    Spells: 2/2 levels left

rFire   . . .        Y - +0 shortbow
rCold   . . .        (shield currently unavailable)
rNeg    + . .        a - +0 ring mail
rPois   inf          (no helmet)
rElec   +            h - +0 cloak
rCorr   .            (no gloves)
SInv    .            (no boots)
Will    .....        (no amulet)
Stlth   +            (no ring)
HPRegen 0.23/turn    (no ring)
MPRegen 0.08/turn

%: no passive effects
@: no status effects
A: sickness immunity, AC +3, negative energy resistance 1, electricity
resistance, torment resistance 1, petrification resistance
a: no special abilities


You were on level 3 of the Dungeon.
You visited 1 branch of the dungeon, and saw 3 of its levels.

You collected 799 gold pieces.


Innate Abilities, Weirdness & Mutations

You are immune to sickness and miasma.
Your stone body is resilient. (AC +3)
You are immune to poison.
You resist negative energy. (rN+)
You are resistant to electric shocks. (rElec)
You are resistant to unholy torment.
You are immune to petrification.


   Skills:
 - Level 2.5 Fighting
 - Level 5.1 Ranged Weapons
 + Level 0.2 Armour
 - Level 1.5 Dodging
 - Level 1.1 Stealth


You had 2 spell levels left.
You didn't know any spells.
Your spell library was empty.

Inventory:

Hand Weapons
 Y - a +0 shortbow (weapon)
Armour
 a - a +0 ring mail (worn)
 h - a +0 cloak (worn)
Scrolls
 b - a scroll of blinking {unknown}
 g - a scroll of identify
Potions
 e - 3 potions of curing
 k - a potion of might
 l - a potion of invisibility {unknown}

Dungeon Overview and Level Annotations

Branches:
Dungeon (3/15)

Altars:
Gozag
Yredelemnul

Annotations:
D:3 Pargi


Message History

Pargi misses you.
You shoot an arrow. The arrow hits Pargi!
Pargi is heavily wounded.
Pargi closely misses you. Pargi claws you but does no damage. x2
You shoot an arrow. The arrow closely misses Pargi.
Pargi bites you but does no damage. Pargi closely misses you.
Pargi claws you but does no damage. Pargi closely misses you.
Pargi claws you but does no damage. Pargi closely misses you.
You shoot an arrow. The arrow misses Pargi.
Pargi closely misses you. Pargi claws you but does no damage. Pargi claws you.
You shoot an arrow. The arrow hits Pargi.
Pargi is moderately wounded.
Pargi closely misses you. x2; Pargi claws you but does no damage.
You shoot an arrow. The arrow hits Pargi.
Pargi is moderately wounded.
Pargi closely misses you. Pargi misses you. Pargi claws you.
You shoot an arrow. The arrow hits Pargi!
Pargi is severely wounded.
Pargi bites you but does no damage. Pargi claws you but does no damage. x2
Pargi bites you. Pargi closely misses you. Pargi claws you but does no damage.
You shoot an arrow. The arrow closely misses Pargi.
Pargi barely misses you. Pargi claws you but does no damage. x2
You shoot an arrow. The arrow hits Pargi.
Pargi is heavily wounded.
Pargi barely misses you. Pargi claws you but does no damage. x2
You shoot an arrow. The arrow hits Pargi.
Pargi is severely wounded.
Pargi bites you. Pargi barely misses you. Pargi closely misses you.
You shoot an arrow. The arrow hits Pargi!
Pargi is severely wounded.
Pargi snarls, "Go!
Away!"
Pargi bites you but does no damage. Pargi claws you but does no damage. x2
Pargi completely misses you. Pargi barely misses you.
Pargi claws you but does no damage.
You shoot an arrow. The arrow hits Pargi!
Pargi is almost dead.
Pargi bites you. Pargi claws you. Pargi claws you but does no damage.
You shoot an arrow. The arrow barely misses Pargi.
Pargi bites you.
You die...

#######.....# #.
+.._..'.....# ?..
###.###.....# ....
#.#####
...###+###.#
...........########
##...............
#.T..##########.
#..@.# ###+##


You could see Pargi.

Vanquished Creatures
  An adder (D:2)
  A worm (D:2)
  3 dart slugs
  3 ball pythons
  2 giant cockroaches
  2 goblins (D:1)
  3 hobgoblins
  2 quokkas (D:1)
  2 bats (D:1)
  2 frilled lizards (D:2)
  5 kobolds
  3 rats
29 creatures vanquished.

Notes
Turn   | Place    | Note
-------+----------+-------------------------------------------
     0 | D:1      | qw the Gargoyle Hunter began the quest for the Orb.
     0 | D:1      | Reached XP level 1. HP: 12/12 MP: 1/1
     0 | D:1      | 0 ||| qw: Version: 0.3-a-76-g4403597
     0 | D:1      | 0 ||| qw: Game counter: 437
     0 | D:1      | 0 ||| qw: Melee chars always use a shield: true
     0 | D:1      | 0 ||| qw: God list: Okawaru
     0 | D:1      | 0 ||| qw: Allow faded altars: false
     0 | D:1      | 0 ||| qw: Do Orc after clearing Dungeon:15 true
     0 | D:1      | 0 ||| qw: Do second Lair branch before Depths: true
     0 | D:1      | 0 ||| qw: Lair rune preference: random
     0 | D:1      | 0 ||| qw: Goals: Normal
     0 | D:1      | 0 ||| PLANNING D:1-11
   200 | D:1      | Reached XP level 2. HP: 17/17 MP: 2/2
   712 | D:1      | 712 ||| UPGRADING to +0 cloak.
   717 | D:1      | 717 ||| READING scroll labelled QICINLYJUAG.
   718 | D:1      | 718 ||| READING 2 scrolls labelled ARUINY LEILAO.
   719 | D:1      | 719 ||| READING 3 scrolls labelled CIOMU VICHU.
   720 | D:1      | 720 ||| READING scroll labelled EJU NIDIRPH.
   720 | D:1      | Identified a scroll of acquirement
   720 | D:1      | 720 ||| ACQUIRING 745 gold pieces
   720 | D:1      | Acquired 745 gold pieces
   722 | D:1      | 722 ||| READING scroll labelled CEIDIN JE DOXE.
   723 | D:1      | 723 ||| READING 2 scrolls of identify.
   723 | D:1      | 723 ||| IDENTIFYING brown potion
   724 | D:1      | 724 ||| DROPPING scroll of butterflies.
   725 | D:1      | 725 ||| DROPPING scroll of immolation.
   789 | D:2      | Reached XP level 3. HP: 21/21 MP: 3/3
   923 | D:2      | Found an opulent altar of Gozag.
   975 | D:2      | Reached skill level 5 in Ranged Weapons
  1287 | D:2      | 1287 ||| UPGRADING to +0 ring mail.
  1297 | D:2      | 1297 ||| DROPPING +0 leather armour.
  1298 | D:2      | 1298 ||| READING scroll labelled VAEQYV JIAWKA.
  1302 | D:2      | 1302 ||| READING 2 scrolls of identify.
  1302 | D:2      | 1302 ||| IDENTIFYING bubbling coppery potion
  1328 | D:3      | 1328 ||| PLANNING SEWER
  1387 | D:3      | Found a faded altar of an unknown god.
  1421 | D:3      | Found a basalt altar of Yredelemnul.
  1435 | D:3      | Noticed Pargi
  1455 | D:3      | HP: 4/22 [Pargi (3)]
  1456 | D:3      | Slain by Pargi

Levels and vault maps discovered:
D:1:      dpeg_arrival_connections, layout_loops_ring,
          chequers_serial_rivers_marsh
D:2:      layout_rooms, serial_curves, eino_curves_01, eino_curves_02,
          eino_curves_03, eino_curves_03, basic_altar
D:3:      layout_basic, lemuel_doored_altar, mainiacjoe_overflow_alcove_3,
          shapermc_ecumenical_altar_mp_ritualfount, serial_glass,
          glass_columns_b, glass_columns_c, portal_sewer_entry_e,
          minmay_joined_circles, uniq_pargi

Skill      XL: |  1  2  3 |
---------------+----------+-----
Ranged Weapons | 5 |  5.1
Fighting       | |  2.5
Armour         | |  0.2
Dodging        | |  1.5
Stealth        | |  1.1

Action                     || total
---------------------------++-------
   Fire: Shortbow          ||   113
    Use: Scroll            ||     8
 Armour: Leather armour    ||    20
         Ring mail         ||    41
  Dodge: Dodged            ||    52

Table legend:
 A = Non-vault XP
 B = Vault XP
 C = Vault XP percentage of total XP
 D = Non-vault monster count
 E = Vault monster count
 F = Vault count percentage of total count
                 A         B        C        D         E       F
            +---------+---------+-------+---------+---------+-------
      Total |      68 |       0 |   0.0 |      29 |       0 |   0.0
            +---------+---------+-------+---------+---------+-------
        D:1 |      30 |       0 |   0.0 |      17 |       0 |   0.0
        D:2 |      35 |       0 |   0.0 |      10 |       0 |   0.0
        D:3 |       3 |       0 |   0.0 |       2 |       0 |   0.0
            +---------+---------+-------+---------+---------+-------
